 Dungeon Crawl Stone Soup version 0.19.5 (webtiles) character file.

36009 Peloso the Peltast (level 13, -1/117 HPs)
             Began as a Minotaur Fighter on Apr 9, 2017.
             Was the Champion of Okawaru.
             Splashed by an oklob plant's acid (19 damage)
             ... on level 5 of the Lair of Beasts.
             The game lasted 00:47:01 (14699 turns).

Peloso the Peltast (Minotaur Fighter)              Turns: 14699, Time: 00:47:07

Health: -1/117     AC:  9    Str: 23    XL:     13   Next: 50%
Magic:  12/12      EV:  8    Int:  5    God:    Okawaru [******]
Gold:   1106       SH: 15    Dex: 16    Spells: 0 memorised, 12 levels left

rFire  . . .     SeeInvis .     d - +2 long sword (flame)
rCold  + + .     Gourm    .     o - +2 crystal plate armour {rC+}
rNeg   . . .     Faith    .     c - +0 shield
rPois  +         Spirit   .     H - +1 hat
rElec  .         Reflect  .     j - +0 cloak {rC+}
rCorr  .         Harm     .     y - +1 pair of gloves {Dex+3}
MR     .....                    (no boots)
Stlth  ..........               m - amulet of regeneration
                                a - +2 ring of evasion
                                r - ring of poison resistance

@: corroded
A: retaliatory headbutt, horns 2, mutation resistance 1
a: Heroism, Finesse, Renounce Religion


You were on level 5 of the Lair of Beasts.
You worshipped Okawaru.
Okawaru was exalted by your worship.
You were not hungry.

You visited 3 branches of the dungeon, and saw 17 of its levels.
You also visited: Sewer and Ice Cave.

You collected 1106 gold pieces.

Inventory:

Hand Weapons
 d - a +2 long sword of flaming (weapon)
 x - a +1 long sword of protection
Armour
 b - a +1 pair of gloves of archery
 c - a +0 shield (worn)
 i - a +0 cloak
 j - a +0 cloak of cold resistance (worn)
 k - the +13 crystal plate armour of Least Resistance {rN+++ MR- Dex-5 SInv}
   (You acquired it on level 1 of the Lair of Beasts)

   It affects your dexterity (-5).
   It renders you almost immune to negative energy.
   It affects your resistance to hostile enchantments.
   It lets you see invisible.
 o - a +2 crystal plate armour of cold resistance (worn)
 y - a +1 pair of gloves of dexterity (worn)
 H - a +1 hat (worn)
Jewellery
 a - a +2 ring of evasion (right hand)
 m - an amulet of regeneration (around neck)
 r - a ring of poison resistance (left hand)
Wands
 B - a wand of polymorph (14/24)
Scrolls
 n - 9 scrolls of remove curse
 p - 9 scrolls of teleportation
 q - 2 scrolls of blinking
 v - a scroll of recharging
 z - a scroll of immolation {unknown}
 C - 4 scrolls of fog
 F - a scroll of identify
 M - a scroll of magic mapping
 O - 2 scrolls of brand weapon {unknown}
Potions
 e - 6 potions of agility
 h - 13 potions of flight
 l - a potion of heal wounds
 u - 2 potions of berserk rage
 w - a potion of mutation {unknown}
 A - 5 potions of curing {unknown}
 D - a potion of cancellation {unknown}
 G - 2 potions of invisibility {unknown}
 R - a potion of degeneration {unknown}
Comestibles
 f - 12 bread rations
 g - 8 meat rations
 s - 10 chunks of flesh
 t - 5 fruits
 E - 4 beef jerkies
 Q - a royal jelly


   Skills:
 + Level 11.6 Fighting
 + Level 14.9 Long Blades
 + Level 12.7 Armour
 + Level 2.8 Dodging
 + Level 0.6 Stealth
 + Level 15.6 Shields
 + Level 0.6 Invocations
 + Level 0.1 Evocations


You had 12 spell levels left.
You didn't know any spells.

Dungeon Overview and Level Annotations

Branches:
Dungeon (11/15)            Temple (1/1) D:5            Lair (5/6) D:8
  Swamp (0/4) Lair:3        Snake (0/4) Lair:2          Orc (0/2) D:10
  Slime: Lair:5-6

Altars:
Ashenzari
Cheibriados
Dithmenos
Elyvilon
Fedhas
Gozag
Hepliaklqana
Kikubaaqudgha
Makhleb
Nemelex Xobeh
Okawaru
Qazlal
Ru
Sif Muna
Trog
Uskayaw
Vehumet
Xom
Yredelemnul
Zin
The Shining One

Shops:
D:5 *

Annotations:
D:9 exclusion: ice statue
Lair:5 exclusion: oklob plant


Innate Abilities, Weirdness & Mutations

You reflexively headbutt those who attack you in melee.
You have a pair of horns on your head.
You are somewhat resistant to further mutation.


Message History

The oklob plant spits acid at you. The splash of acid misses you.
You hit the oklob plant but do no damage.
You headbutt the oklob plant, but do no damage.
The oklob plant is almost destroyed.
The oklob plant spits acid at you. The splash of acid hits you!
* * * LOW HITPOINT WARNING * * *
You are splashed with acid!
The acid burns!
* * * LOW HITPOINT WARNING * * *
You feel much better.
You hit the oklob plant but do no damage.
The oklob plant is almost destroyed.
You hit the oklob plant but do no damage.
The oklob plant is almost destroyed.
The oklob plant spits acid at you. The splash of acid hits you!
* * * LOW HITPOINT WARNING * * *
The acid corrodes you!
You are splashed with acid!
The acid burns!
You die...

#..........(.#
....
#.........#.##
....
#.....#.##.#.#
...<.
#####....####
#.##
.....##.......P#
##
.....P........$#
..............P#
...............#
.####P@........#
##P..........
#.....#......
#....####....
##.### ... ###


You could see an oklob plant.

Vanquished Creatures
  5 hydras
  Harold (Lair:2)
  The ghost of yann the Severer, a journeyman DsBe of Trog (Lair:2)
  The ghost of Chifra the Skirmisher, a novice DsGl of Kikubaaqudgha (D:8)
  The ghost of flt the Chiller, a novice MfIE (D:5)
  3 elephants (Lair:2)
  A torpor snail (Lair:4)
  Psyche (D:8)
  A gargoyle (D:11)
  2 black mambas (Lair:2)
  2 ice statues (IceCv)
  2 rime drakes (Lair:3)
  7 spiny frogs
  8 ice devils (IceCv)
  2 komodo dragons
  The ghost of Jerry the Slasher, a novice VSCK of Xom (D:4)
  A two-headed ogre (D:9)
  A troll (D:9)
  2 polar bears
  4 dream sheep (Lair:2)
  16 blink frogs
  5 hippogriffs
  A spriggan (D:7)
  3 wyverns
  35 yaks
  A vampire (D:10)
  A basilisk (Lair:1)
  A steam dragon (D:10)
  A warg (D:10)
  2 nagas (Lair:2)
  9 water moccasins
  5 porcupines
  3 black bears
  2 ice beasts
  6 orc warriors
  A sky beast (D:9)
  A phantom (D:10)
  4 ogres
  13 crocodiles
  11 wolves
  12 centaurs
  Blork the orc (D:6)
  A big kobold (Sewer)
  A wyvern zombie (D:7)
  12 bullfrogs
  5 scorpions
  14 wights
  17 killer bees
  4 howler monkeys
  2 electric eels
  A centaur zombie (D:9)
  2 crimson imps (D:5)
  A quasit (D:10)
  8 hounds
  4 orc priests
  A bullfrog skeleton (D:9)
  A centaur skeleton (D:5)
  11 orc wizards
  4 iguanas
  8 worker ants
  A hound skeleton (D:8)
  A howler monkey skeleton (D:11)
  3 gnolls (D:4)
  20 adders
  2 shadow imps
  10 white imps (IceCv)
  8 ufetubi (IceCv)
  An ooze (D:6)
  2 adder zombies
  3 worms
  A dart slug (D:1)
  6 leopard geckos
  34 orcs
  A ball python (D:5)
  7 bats
  5 giant cockroaches
  8 hobgoblins
  18 jackals
  4 quokkas
  A ball python zombie (D:5)
  3 frilled lizards
  7 goblins
  A jackal skeleton (D:4)
  4 kobolds
  A quokka skeleton (D:5)
  13 rats
443 creatures vanquished.

Vanquished Creatures (others)
  A reaper (IceCv)
  A wizard (D:4)
  5 dream sheep (D:10)
  2 white imps (IceCv)
  2 ufetubi (IceCv)
  A plant (Lair:5)
12 creatures vanquished.

Grand Total: 455 creatures vanquished

Notes
Turn   | Place    | Note
-------+----------+-------------------------------------------
     0 | D:1      | Peloso the Minotaur Fighter began the quest for the Orb.
     0 | D:1      | Reached XP level 1. HP: 19/19 MP: 0/0
   176 | D:1      | Reached XP level 2. HP: 26/27 MP: 1/1
   925 | D:1      | Reached XP level 3. HP: 33/33 MP: 2/2
   956 | D:2      | Found a sacrificial altar of Ru.
   970 | D:2      | Reached skill level 4 in Shields
  1078 | D:2      | Found a faded altar of an unknown god.
  1142 | D:2      | Reached XP level 4. HP: 22/40 MP: 3/3
  1208 | D:2      | Found a blossoming altar of Fedhas.
  1262 | D:2      | Found a bloodstained altar of Trog.
  1332 | D:2      | Found a sparkling altar of Nemelex Xobeh.
  2061 | D:4      | Noticed an ogre
  2065 | D:4      | Killed an ogre
  2065 | D:4      | Reached XP level 5. HP: 30/47 MP: 4/4
  2086 | D:4      | Reached skill level 5 in Shields
  2097 | D:4      | Found an opulent altar of Gozag.
  2106 | D:4      | Reached skill level 5 in Long Blades
  2217 | D:4      | Reached XP level 6. HP: 51/53 MP: 5/5
  2364 | D:4      | Noticed Jerry's ghost (novice VSCK)
  2384 | D:4      | Killed Jerry's ghost
  2384 | D:4      | Reached skill level 5 in Fighting
  2384 | D:4      | Reached skill level 5 in Armour
  2384 | D:4      | Reached skill level 6 in Shields
  2384 | D:4      | Reached XP level 7. HP: 42/61 MP: 6/6
  2388 | D:4      | Reached skill level 1 in Dodging
  2407 | D:4      | Found a shadowy altar of Dithmenos.
  2421 | D:4      | Found a bloodstained altar of Trog.
  2438 | D:4      | Noticed a wizard
  2441 | D:4      | Killed a wizard
  2650 | D:5      | Entered Level 5 of the Dungeon
  2662 | D:5      | Found a white marble altar of Elyvilon.
  2747 | D:5      | Found Gozag's Platinum Reserve.
  2749 | D:5      | Found an opulent altar of Gozag.
  2884 | D:5      | Reached skill level 7 in Shields
  2884 | D:5      | Reached XP level 8. HP: 68/69 MP: 7/7
  2965 | D:5      | Found a staircase to the Ecumenical Temple.
  3264 | D:5      | Noticed flt's ghost (novice MfIE)
  3304 | D:5      | Killed flt's ghost
  3583 | D:6      | Reached skill level 8 in Shields
  3688 | D:6      | Found a glowing drain.
  3694 | Sewer    | Entered a sewer
  3773 | Sewer    | Reached XP level 9. HP: 75/75 MP: 8/8
  3793 | Sewer    | Found a glowing silver altar of Zin.
  4020 | Temple   | Entered the Ecumenical Temple
  4133 | Temple   | Became a worshipper of Warmaster Okawaru
  4182 | D:6      | Noticed Blork the orc
  4194 | D:6      | Killed Blork the orc
  4202 | D:6      | Found a shattered altar of Ashenzari.
  4663 | D:7      | Gained mutation: You are somewhat resistant to further mutation. [potion of beneficial mutation]
  4710 | D:7      | Found a shimmering altar of Xom.
  4744 | D:7      | Found an ancient bone altar of Kikubaaqudgha.
  4744 | D:7      | Found a radiant altar of Vehumet.
  5212 | D:8      | Reached * piety under Okawaru
  5231 | D:8      | Reached skill level 9 in Shields
  5310 | D:8      | Reached skill level 10 in Long Blades
  5504 | D:8      | Found a staircase to the Lair.
  5509 | D:8      | Noticed Psyche
  5536 | D:8      | Killed Psyche
  5552 | D:8      | Noticed Chifra's ghost (novice DsGl)
  5581 | D:8      | Killed Chifra's ghost
  5581 | D:8      | Reached XP level 10. HP: 53/86 MP: 7/9
  5692 | D:8      | Found a burning altar of Makhleb.
  5984 | D:8      | Reached ** piety under Okawaru
  6130 | D:9      | Found a glowing golden altar of the Shining One.
  6178 | D:9      | Reached skill level 10 in Shields
  6317 | D:10     | Entered Level 10 of the Dungeon
  6512 | D:9      | Reached *** piety under Okawaru
  6544 | D:9      | Noticed an ice statue
  6732 | D:9      | Reached skill level 11 in Shields
  6789 | D:9      | Reached **** piety under Okawaru
  6789 | D:9      | Reached skill level 10 in Armour
  7299 | D:9      | Found an opulent altar of Gozag.
  7322 | D:9      | Reached XP level 11. HP: 91/95 MP: 10/10
  8112 | D:10     | Found a staircase to the Orcish Mines.
  8391 | D:10     | Found a shimmering altar of Xom.
  8823 | D:11     | Reached skill level 12 in Shields
  8960 | D:11     | Reached ***** piety under Okawaru
  9406 | Lair:1   | Entered Level 1 of the Lair of Beasts
  9461 | Lair:1   | Noticed an eight-headed hydra
  9468 | Lair:1   | Killed a five-headed hydra
  9514 | Lair:1   | Noticed a five-headed hydra
  9528 | Lair:1   | Killed a one-headed hydra
  9528 | Lair:1   | Received a gift from Okawaru
  9641 | Lair:1   | Reached skill level 13 in Shields
  9653 | Lair:1   | Identified a scroll of acquirement
  9674 | Lair:1   | Got an opal-encrusted crystal plate armour
  9680 | Lair:1   | Identified the +13 crystal plate armour of Least Resistance {rN+++ MR- Dex-5 SInv} (You acquired it on level 1 of the Lair of Beasts)
  9737 | Lair:1   | Reached XP level 12. HP: 104/105 MP: 11/11
 10391 | Lair:2   | Noticed a five-headed hydra
 10401 | Lair:2   | Killed a one-headed hydra
 10462 | Lair:2   | Found a staircase to the Snake Pit.
 10516 | Lair:2   | Noticed an eight-headed hydra
 10526 | Lair:2   | Killed a three-headed hydra
 10568 | Lair:2   | Reached skill level 10 in Fighting
 10765 | Lair:2   | Noticed yann's ghost (journeyman DsBe)
 10796 | Lair:2   | Killed yann's ghost
 10958 | Lair:2   | Received a gift from Okawaru
 11008 | Lair:2   | Got a transparent dagger {god gift}
 11009 | Lair:2   | Identified the +2 dagger "Fytyal" {venom, Dex+4} (Okawaru gifted it to you on level 2 of the Lair of Beasts)
 11060 | Lair:2   | Noticed Harold
 11078 | Lair:2   | Killed Harold
 11118 | Lair:2   | Reached skill level 14 in Shields
 11733 | Lair:3   | Found a frozen archway.
 11755 | IceCv    | Entered an ice cave
 12003 | IceCv    | Killed a reaper
 12365 | IceCv    | Reached XP level 13. HP: 58/115 MP: 12/12
 12830 | Lair:3   | Found a staircase to the Swamp.
 13185 | Lair:3   | Reached ****** piety under Okawaru
 13483 | Lair:4   | Received a gift from Okawaru
 13483 | Lair:4   | Reached skill level 15 in Shields
 13733 | Lair:4   | Found a sacrificial altar of Ru.
 14696 | Lair:5   | HP: 5/117 [acid (6)]
 14699 | Lair:5   | Splashed by an oklob plant's acid

Skill      XL: |  1  2  3  4  5  6  7  8  9 10 11 12 13 |
---------------+----------------------------------------+-----
Armour         | 4 5 6 7 9 10 11 12 | 12.7
Fighting       | 4 5 6 7 8 9 10 11 | 11.6
Long Blades    | 3 4 5 6 8 10 11 13 14 | 14.9
Shields        | 4 5 6 7 8 9 11 13 14 15 | 15.6
Dodging        | 1 2 |  2.8
Stealth        | |  0.6
Invocations    | |  0.6
Evocations     | |  0.1

Action                   |  1- 3 |  4- 6 |  7- 9 | 10-12 | 13-15 || total
-------------------------+-------+-------+-------+-------+-------++-------
Melee: Long sword        |    79 |   134 |   380 |  1188 |   283 ||  2064
       Headbutt          |    11 |    21 |    76 |   279 |    77 ||   464
Invok: Heroism           |       |       |     1 |     9 |       ||    10
Evoke: Wand              |       |       |     2 |     2 |       ||     4
  Use: Potion            |       |     1 |     1 |     1 |     1 ||     4
       Scroll            |       |       |     7 |    18 |       ||    25
 Stab: Distracted        |       |       |       |     1 |       ||     1
  Eat: Chunk             |       |     4 |    12 |    21 |     7 ||    44
       Fruit             |       |       |       |     1 |     1 ||     2
       Pizza             |       |       |       |       |     1 ||     1
Armor: Scale mail        |    11 |       |       |       |       ||    11
       Plate armour      |    63 |   101 |   183 |   392 |       ||   739
       Crystal plate arm |       |       |       |   234 |   169 ||   403
Dodge: Dodged            |    20 |    12 |    59 |   266 |    67 ||   424
Block: Shield            |    45 |    94 |   184 |   762 |   208 ||  1293
       Rpst.: Long sword |     9 |     7 |    13 |    68 |    18 ||   115
